 Dungeon Crawl Stone Soup version 0.21.1-1-g345015f (webtiles) character file.

47 zishaf the Sneak (level 3, 0/21 HPs)
             Began as an Octopode Enchanter on May 8, 2018.
             Killed from afar by a dart slug (6 damage)
             ... with a slug dart
             ... on level 2 of the Dungeon.
             The game lasted 00:05:50 (1412 turns).

zishaf the Sneak (Octopode Enchanter)               Turns: 1412, Time: 00:05:51

Health: 0/21       AC:  1    Str:  7    XL:     3   Next: 70%
Magic:  6/6        EV: 13    Int: 18    God:
Gold:   89         SH:  0    Dex: 12    Spells: 0/6 levels left

rFire    . . .     SeeInvis .   i - -2 dagger (curse)
rCold    . . .     Gourm    .   (no shield)
rNeg     . . .     Faith    .   (helmet restricted)
rPois    .         Spirit   .   (no amulet)
rElec    .         Reflect  .   g - ring of wizardry
rCorr    .         Harm     .   (no ring)
MR       .....                  (no ring)
Stlth    ++++......             (no ring)
HPRegen  0.07/turn              (no ring)
MPRegen  0.10/turn              (no ring)
                                (no ring)
                                (no ring)

@: no status effects
A: almost no armour, stealthy swim, amphibious, 8 rings, constrict 8, camouflage
1, gelatinous body 1
a: no special abilities


You were on level 2 of the Dungeon.
You were not hungry.

You visited 1 branch of the dungeon, and saw 2 of its levels.

You collected 89 gold pieces.

Inventory:

Hand Weapons
 a - a +1 dagger
 i - a cursed -2 dagger (weapon)
Jewellery
 g - a ring of wizardry (left tentacle)
Scrolls
 h - a scroll of enchant armour
Potions
 d - a potion of curing
 e - a potion of flight {unknown}
 j - a potion of haste {unknown}
Books
 b - a book of Maledictions

   Spells                             Type                      Level
   a - Corona                         Hexes                        1
   b - Ensorcelled Hibernation        Hexes/Ice                    2
   c - Confuse                        Hexes                        3
   d - Tukima's Dance                 Hexes                        3
   e - Dazzling Spray                 Conjuration/Hexes            3
Comestibles
 c - 4 rations
 f - 3 chunks of flesh


   Skills:
 - Level 1.0 Short Blades
 + Level 2.4 Dodging
 * Level 5.1 Stealth
 - Level 2.0 Spellcasting
 * Level 3.7 Hexes


You couldn't memorise any spells.
You knew the following spells:

 Your Spells              Type           Power        Failure   Level  Hunger
a - Corona                Hex            ###....      1%          1    #......
b - Ensorcelled Hibernat  Hex/Ice        #.....       5%          2    ###....
c - Confuse               Hex            ###.....     4%          3    ###....


Dungeon Overview and Level Annotations

Branches:
Dungeon (2/15)

Altars:


Innate Abilities, Weirdness & Mutations

You cannot wear most types of armour.
You are very stealthy in the water. (Stealth+)
You are amphibious.
You can wear up to eight rings at the same time.
You can use your tentacles to constrict eight enemies at once.
Your skin changes colour to match your surroundings (Stealth+).
Your rubbery body absorbs attacks. (AC +1, EV +1)


Message History

You hit the dart slug but do no damage. You constrict the dart slug.
The bat hits you. The dart slug misses you.
You hit the dart slug but do no damage.
The dart slug is lightly wounded.
You constrict the dart slug. The bat closely misses you.
The dart slug bites you.
You hit the dart slug.
The dart slug is heavily wounded.
You constrict the dart slug. The bat misses you.
You hit the dart slug but do no damage.
The dart slug is severely wounded.
You constrict the dart slug. The bat barely misses you.
The dart slug bites you.
* * * LOW HITPOINT WARNING * * *
You hit the dart slug but do no damage.
The dart slug is almost dead.
You constrict the dart slug. The bat misses you.
The dart slug launches a dart at you. The slug dart hits you!
You die...

#.# #.........# #.#.#........
#.###.....#.#.###.#..........
#...........#.....####'######
###################..........
#.#.#†).#.#.# #..........
##.#..#..#.## #..........
#.#.K###.b#.# #....<.....
##.w##,##..## #..........
#b.##,,,##w@### #........##
#.....?..##...####.......(#
#..##...##..#.............#
##..**.##..#######........#
*w#.,**#..#,* ##########
*#,#.,#..#,** *********
*,*,#...#,*,* *,>,,,,,*
*****###***** *,,,,,,,+
*,,,,,,,*


You could see a dart slug and a bat.

Vanquished Creatures
  2 worms (D:2)
  A leopard gecko (D:1)
  8 bats
  2 giant cockroaches
  2 goblins (D:1)
  3 hobgoblins (D:1)
  9 kobolds
  A quokka (D:2)
  A ball python (D:1)
  2 frilled lizards (D:1)
  11 rats
42 creatures vanquished.

Notes
Turn   | Place    | Note
-------+----------+-------------------------------------------
     0 | D:1      | zishaf the Octopode Enchanter began the quest for the Orb.
     0 | D:1      | Reached XP level 1. HP: 11/11 MP: 3/3
    88 | D:1      | Reached XP level 2. HP: 11/17 MP: 5/5
   370 | D:1      | Learned a level 2 spell: Ensorcelled Hibernation
   689 | D:1      | Reached XP level 3. HP: 16/21 MP: 6/6
   856 | D:1      | Learned a level 3 spell: Confuse
  1346 | D:2      | Reached skill level 5 in Stealth
  1412 | D:2      | Killed from afar by a dart slug

Skill      XL: |  1  2  3 |
---------------+----------+-----
Stealth        | 5 |  5.1
Short Blades   | |  1.0
Dodging        | |  2.4
Spellcasting   | |  2.0
Hexes          | |  3.7

Action                   || total
-------------------------++-------
Melee: Dagger            ||   126
       Constrict         ||    33
       Tentacles         ||    15
 Cast: Ensorcelled Hiber ||     4
  Use: Scroll            ||     5
 Stab: Sleeping          ||    10
  Eat: Chunk             ||     2
Armor: Skin              ||    29
Dodge: Dodged            ||   105
